 Dungeon Crawl Stone Soup version 0.28-a0-750-g7c675f85b1 (webtiles) character file.

Game seed: 3103413661961841809

6595 ytrimaz the Protected (level 10, -6/79 HPs)
             Began as a Demonspawn Fighter on Oct 30, 2021.
             Was a Believer of Qazlal.
             Mangled by Erolcha (12 damage)
             ... on level 9 of the Dungeon.
             The game lasted 00:15:25 (10033 turns).

ytrimaz the Protected (Demonspawn Fighter)         Turns: 10033, Time: 00:15:26

Health: -6/79      AC: 11    Str: 29    XL:     10   Next: 71%
Magic:  10/10      EV: 10    Int: 11    God:    Qazlal [**....]
Gold:   556        SH: 12    Dex: 12    Spells: 9/9 levels left

rFire   x . .      SeeInvis .   o - +8 dagger of Mirchaq {spect, rF- Str+10}
rCold   + + .      Faith    .   c - +0 buckler
rNeg    . . .      Spirit   .   v - +1 scale mail {rC+}
rPois   .          Reflect  +   (no helmet)
rElec   .          Harm     .   s - scarf {repulsion}
rCorr   .          Rampage  .   (no gloves)
Will    +....                   (no boots)
Stlth   ..........              f - amulet of reflection
HPRegen 0.23/turn               e - ring of willpower
MPRegen 0.12/turn               F - ring of protection from cold

@: repel missiles
A: thin metallic scales 1, ignite blood 3, powered by death 1, demonic touch 2
a: Renounce Religion, Upheaval


You were on level 9 of the Dungeon.
You worshipped Qazlal.
Qazlal was pleased with you.
You visited 2 branches of the dungeon, and saw 11 of its levels.
You also visited: Sewer.

You collected 556 gold pieces.

Inventory:

Hand Weapons
 a - a +0 rapier
 h - a +1 dagger of venom
 o - the +8 dagger of Mirchaq (weapon) {spect, rF- Str+10}
   (You found it in a sewer)

   When its wielder attacks, the weapon's spirit leaps out and strikes again.
   The spirit shares a part of any damage it takes with its wielder.
   Str:       It affects your strength (+10).
   rF:        It makes you vulnerable to fire.
Missiles
 q - a throwing net (quivered)
Armour
 c - a +0 buckler (worn)
 s - a scarf of repulsion (worn)
 v - a +1 scale mail of cold resistance (worn)
Jewellery
 e - a ring of willpower (left hand)
 f - an amulet of reflection (around neck)
 t - a ring of positive energy
 w - an amulet of the acrobat
 y - an amulet of magic regeneration
 F - a ring of protection from cold (right hand)
Wands
 b - a wand of flame (22)
 k - a wand of acid (12)
 A - a wand of digging (5)
 C - a wand of iceblast (9)
Scrolls
 i - 2 scrolls of teleportation
 l - 4 scrolls of enchant armour
 n - 4 scrolls of fog
 p - 2 scrolls of enchant weapon
 x - a scroll of amnesia
Potions
 d - 2 potions of might
 g - a potion of magic
 j - a potion of brilliance
 m - 3 potions of mutation
 r - a potion of lignification
 u - a potion of haste
 z - 2 potions of cancellation
 E - a potion of berserk rage


   Skills:
 + Level 7.2 Fighting
 + Level 9.2 Short Blades
 + Level 10.5 Armour
 - Level 4.0 Shields


You had 9 spell levels left.
You didn't know any spells.
Your spell library contained the following spells:

 Spells                   Type           Power      Damage    Failure   Level
 Beastly Appendage        Tmut           0%         N/A       54%         1
 Magic Dart               Conj           0%         1d3       54%         1
 Slow                     Hex            0%         N/A       54%         1
 Searing Ray              Conj           0%         2d4       69%         2
 Wereblood                Tmut           0%         N/A       69%         2
 Call Canine Familiar     Summ           0%         N/A       89%         3
 Confusing Touch          Hex            0%         N/A       89%         3
 Gell's Gravitas          Tloc           0%         N/A       89%         3
 Ignite Poison            Fire/Tmut/Pois 0%         N/A       89%         3
 Mephitic Cloud           Conj/Pois/Air  0%         N/A       89%         3
 Portal Projectile        Hex/Tloc       0%         N/A       89%         3
 Spider Form              Tmut/Pois      0%         N/A       89%         3
 Teleport Other           Tloc           0%         N/A       89%         3
 Vampiric Draining        Necr           0%         2d6       89%         3
 Fulminant Prism          Conj/Hex       0%         3d6       100%        4
 Leda's Liquefaction      Hex/Erth       0%         N/A       100%        4
 Freezing Cloud           Conj/Ice/Air   0%         6-21      100%        5
 Dispersal                Tloc           0%         N/A       100%        6
 Simulacrum               Ice/Necr       0%         N/A       100%        6
 Polar Vortex             Ice            0%         N/A       100%        9


Dungeon Overview and Level Annotations

Branches:
Dungeon (10/15)            Temple (1/1) D:4            Lair (0/6) D:10
  Sewer (visited)
    Orc: D:9-12

Altars:
Ashenzari
Cheibriados
Dithmenos
Elyvilon
Fedhas
Gozag
Hepliaklqana
Kikubaaqudgha
Makhleb
Nemelex Xobeh
Okawaru
Qazlal
Ru
Sif Muna
Trog
Uskayaw
Vehumet
Wu Jian
Xom
Yredelemnul
Zin
The Shining One

Annotations:
D:4 4 runed translucent doors
D:9 Erolcha


Innate Abilities, Weirdness & Mutations

You are partially covered in thin metallic scales. (AC +2)
Your demonic aura causes all spilled blood to erupt in flames.
You regenerate a little health from kills.
Your touch may inflict irresistible damage on your foes.


Message History

You climb downwards.
Erolcha shouts!
Found a wand of flame (26) and 11 gold pieces.
Found an escape hatch in the ceiling.
There is a stone staircase leading up here.
Found 8 gold pieces.
Erolcha gestures wildly while chanting.
Erolcha flickers and vanishes!
Deactivating autopickup; reactivate with Ctrl-A.
You block something's attack.
You closely miss something.
Your +8 dagger of Mirchaq {spect, rF- Str+10} hits something!
Something hits you!!
You completely miss something.
Your +8 dagger of Mirchaq {spect, rF- Str+10} barely misses something.
Unknown command.
You puncture something!
Your +8 dagger of Mirchaq {spect, rF- Str+10} hits something.
You hear some strange, mumbled words.
You hear a shout!
Unknown command.
Unknown command.
There is a stone staircase leading up here.
Something hits you!!
There is an escape hatch in the ceiling, spattered with blood here.
Unknown command.
Something hits you!!
* * * LOW HITPOINT WARNING * * *
Unknown command.
You hit something but do no damage.
Your +8 dagger of Mirchaq {spect, rF- Str+10} hits something.
Something hits your +8 dagger of Mirchaq {spect, rF- Str+10}!
Your spectral weapon shares its damage with you!
* * * LOW HITPOINT WARNING * * *
Unknown command.
Unknown command.
You feel better.
You hear a shout!
Something hits you!
You die...

....
#####..#
##..
##........#
.... .....#
..... ....#
.....##...#
......#...#
#........##
#.....{○.##
##....°@○.#
#$..####/#
#.... #.#
#$.... #.#
#...... #.#
#...### #.#
### .... ##
... ..##.
.. ..#


There were no monsters in sight!

Vanquished Creatures
  2 two-headed ogres
  Pikel (D:4)
  A manticore (D:6)
  A troll (D:9)
  4 yaks (D:9)
  3 vampire mosquitoes (D:8)
  A steam dragon (D:6)
  2 water moccasins
  Pargi (Sewer)
  2 black bears
  2 orc warriors
  2 sky beasts
  An ice beast (D:6)
  A necrophage (D:6)
  2 centaurs
  A phantom (D:7)
  2 bullfrogs
  4 kobold brigands
  3 scorpions
  A water moccasin zombie (D:6)
  A water moccasin skeleton (D:6)
  4 killer bees (D:9)
  3 wights (D:4)
  A gnoll shaman (D:6)
  A centaur zombie (D:9)
  A bullfrog zombie (D:7)
  2 centaur skeletons (D:7)
  2 hounds
  2 jellies (D:5)
  4 orc priests
  Terence (D:2)
  2 iguanas (D:6)
  9 orc wizards
  2 hound zombies
  A hound skeleton (D:4)
  A howler monkey zombie (D:6)
  7 gnolls
  12 adders
  2 white imps (D:7)
  An ufetubus (D:5)
  An adder skeleton (D:4)
  3 worms
  16 orcs
  12 ball pythons
  6 bats
  4 endoplasms
  6 giant cockroaches
  9 hobgoblins
  5 jackals
  28 kobolds
  5 quokkas
  6 frilled lizards
  6 goblins
  8 rats
  A spectral goblin (D:3)
212 creatures vanquished.

Notes
Turn   | Place    | Note
-------+----------+-------------------------------------------
     0 | D:1      | ytrimaz the Demonspawn Fighter began the quest for the Orb.
     0 | D:1      | Reached XP level 1. HP: 18/18 MP: 1/1
   292 | D:1      | Gained mutation: Your touch may inflict minor irresistible
                  | damage on your foes. [demonic ancestry]
   292 | D:1      | Reached XP level 2. HP: 24/24 MP: 2/2
  1004 | D:1      | Gained mutation: Your touch may inflict irresistible damage
                  | on your foes. [demonic ancestry]
  1004 | D:1      | Reached XP level 3. HP: 29/29 MP: 3/3
  1508 | D:2      | Reached skill level 3 in Armour
  2011 | D:2      | Gained mutation: You regenerate a little health from kills.
                  | [demonic ancestry]
  2011 | D:2      | Reached XP level 4. HP: 26/35 MP: 4/4
  2251 | D:2      | Noticed Terence
  2278 | D:2      | Killed Terence
  2681 | D:3      | Gained mutation: Your demonic aura sometimes causes spilled
                  | blood to erupt in flames. [demonic ancestry]
  2681 | D:3      | Reached XP level 5. HP: 4/41 MP: 5/5
  2973 | D:3      | Found a faded altar of an unknown god.
  3125 | D:3      | Found a glowing drain.
  3129 | Sewer    | Entered a sewer
  3170 | Sewer    | Noticed Pargi
  3193 | Sewer    | Killed Pargi
  3217 | Sewer    | Identified the +8 dagger of Mirchaq {spect, rF- Str+10}
  3525 | D:3      | Reached skill level 4 in Armour
  3525 | D:3      | Reached XP level 6. HP: 48/48 MP: 6/6
  3944 | D:3      | Found a hazy altar of Hepliaklqana.
  3944 | D:3      | Found a basalt altar of Yredelemnul.
  4421 | D:4      | Found a large runed translucent door.
  4421 | D:4      | Found a large runed translucent door.
  4424 | D:4      | Noticed an orc warrior
  4431 | D:4      | Found a large runed translucent door.
  4431 | D:4      | Found a large runed translucent door.
  4697 | D:4      | Found a staircase to the Ecumenical Temple.
  4698 | D:4      | Noticed Pikel
  4751 | D:4      | Killed Pikel
  4752 | D:4      | Reached skill level 5 in Armour
  4752 | D:4      | Reached XP level 7. HP: 11/55 MP: 7/7
  5049 | D:4      | Reached skill level 5 in Short Blades
  5073 | D:4      | Gained mutation: Your demonic aura often causes spilled
                  | blood to erupt in flames. [demonic ancestry]
  5073 | D:4      | Reached XP level 8. HP: 61/61 MP: 8/8
  5326 | D:4      | Reached skill level 6 in Armour
  5418 | D:4      | Reached skill level 5 in Fighting
  5492 | D:5      | Entered Level 5 of the Dungeon
  6782 | D:6      | Noticed a two-headed ogre
  6783 | D:6      | Noticed a manticore
  6796 | D:6      | Killed a two-headed ogre
  6797 | D:6      | Reached skill level 7 in Armour
  6797 | D:6      | Gained mutation: Your demonic aura causes all spilled blood
                  | to erupt in flames. [demonic ancestry]
  6797 | D:6      | Reached XP level 9. HP: 68/68 MP: 9/9
  6803 | D:6      | Killed a manticore
  6804 | D:6      | Reached skill level 8 in Armour
  7180 | D:6      | Reached skill level 9 in Armour
  7495 | Temple   | Entered the Ecumenical Temple
  7638 | Temple   | Became a worshipper of Qazlal Stormbringer
  8180 | D:7      | Reached * piety under Qazlal
  8352 | D:7      | Found an opulent altar of Gozag.
  8356 | D:7      | Gained mutation: You are partially covered in thin metallic
                  | scales. (AC +2) [demonic ancestry]
  8356 | D:7      | Reached XP level 10. HP: 76/76 MP: 10/10
  8490 | D:8      | Found a bloodstained altar of Trog.
  8490 | D:8      | Found an iron altar of Okawaru.
  8757 | D:8      | You fall into a shaft and drop 2 floors!
  8757 | D:10     | Entered Level 10 of the Dungeon
  8757 | D:10     | Noticed a boulder beetle
  8757 | D:10     | Found a staircase to the Lair.
  8767 | D:9      | Noticed a two-headed ogre
  8771 | D:9      | Killed a two-headed ogre
  8772 | D:9      | Reached skill level 10 in Armour
  8948 | D:9      | Found an ancient bone altar of Kikubaaqudgha.
  8948 | D:9      | Found a hide-covered altar of Uskayaw.
  9435 | D:9      | Reached ** piety under Qazlal
 10020 | D:9      | Noticed Erolcha
 10032 | D:9      | HP: 1/79 [something (6)]
 10033 | D:9      | Mangled by Erolcha

Illustrated notes

Levels and vault maps discovered:
D:1:      saegor_arrival_simple_d, layout_loops_corners
D:2:      layout_loops_ring, uniq_terence
D:3:      layout_basic, mainiacjoe_overflow_divided_tiny,
          gup_sewer_entry_spiral, dreamdust_ecumenical_altar_drowned_temple
D:4:      layout_cave_pools, temple_green, minmay_hollow_rounded_squares,
          uniq_pikel
D:5:      layout_basic
D:6:      cheibrodos_fzero, layout_basic, kennysheep_nondescript
D:7:      layout_cave_pools, lemuel_coloured_pillars_altar, grunt_ministairs_5
D:8:      layout_basic, grunt_temple_overflow_bloody_war, minmay_statues_item
D:9:      layout_layer_cave, grunt_temple_overflow_open, unseen_surprise_small,
          uniq_erolcha
D:10:     layout_loops_ring, lair_entry_dummy, orc_0_dummy,
          gammafunk_ghost_wrathful_warriors, minmay_misc_feat_five, uniq_grum
Temple:   regret_index_temple_waves

Skill      XL: |  1  2  3  4  5  6  7  8  9 10 |
---------------+-------------------------------+-----
Shields        | 3 4 |  4.0
Short Blades   | 2 3 4 5 6 8 9 |  9.2
Armour         | 3 4 5 7 9 10 | 10.5
Fighting       | 4 5 6 7 |  7.2

Action                   |  1- 3 |  4- 6 |  7- 9 | 10-12 || total
-------------------------+-------+-------+-------+-------++-------
Melee: Rapier            |    44 |       |       |       ||    44
       Dagger            |   118 |   224 |   165 |    91 ||   598
  Use: Scroll            |     6 |     2 |    10 |     1 ||    19
       Potion            |       |     2 |       |     1 ||     3
 Stab: Distracted        |       |       |     2 |     2 ||     4
Armor: Scale mail        |    70 |    65 |    39 |    34 ||   208
Dodge: Dodged            |    79 |    65 |    56 |    22 ||   222
Block: Buckler           |    39 |    70 |    69 |    45 ||   223
       Reflection        |       |     1 |     2 |     3 ||     6

Table legend: (Time is in decaauts)
 A = Elapsed time spent in this place.
 B = Non-inter-level travel time spent in this place.
 C = Inter-level travel time spent in this place.
 D = Time resting spent in this place.
 E = Time spent auto-exploring this place.
 F = Levels seen in this place.
 G = Mean time per level.
                   A        B        C        D        E       F      G
               +--------+--------+--------+--------+--------+-----+--------+
         Total |   9976 |   9551 |    425 |   2166 |   5379 |  12 |  831.3 |
       Dungeon |   9633 |   9277 |    356 |   2166 |   5256 |  10 |  963.3 |
        Temple |    150 |     81 |     69 |      0 |     61 |   1 |  150.0 |
         Sewer |    192 |    192 |      0 |      0 |     62 |   1 |  192.0 |
               +--------+--------+--------+--------+--------+-----+--------+

Top non-repeatable levels by time:
     D:3: 1538 daAuts
     D:1: 1483 daAuts
     D:4: 1202 daAuts
     D:2: 1160 daAuts
     D:5: 1017 daAuts
     D:6: 979 daAuts
     D:8: 811 daAuts
     D:9: 768 daAuts
     D:7: 663 daAuts
   Sewer: 192 daAuts
  Temple: 150 daAuts
    D:10: 8 daAuts
